 Dungeon Crawl Stone Soup version 0.30-a0-715-gdb4ae3ece1 (webtiles) character file.

Game seed: 9356455186147671440

156 sokol815 the Slasher (level 4, -4/37 HPs)
             Began as a Demigod Fighter on Jan 24, 2023.
             Killed from afar by a white imp (8 damage)
             ... with a puff of frost
             ... summoned by Natasha
             ... on level 2 of the Dungeon.
             The game lasted 00:03:30 (2137 turns).

sokol815 the Slasher (Demigod Fighter)              Turns: 2137, Time: 00:03:31

Health: -4/37      AC:  7    Str: 17    XL:     4   Next: 92%
Magic:  6/6        EV:  8    Int: 10    God:
Gold:   117        SH:  8    Dex: 17    Spells: 3/3 levels left

rFire   . . .      SeeInvis .    a - +0 long sword
rCold   . . .      Faith    .    k - +3 buckler
rNeg    . . .      Spirit   .    b - +0 scale mail
rPois   .          Reflect  .    (no helmet)
rElec   .          Harm     .    (no cloak)
rCorr   .          Rampage  .    e - +0 pair of gloves
Will    .....                    (no boots) Stlth
                                 (no amulet)
HPRegen 0.26/turn                (no ring)
MPRegen 0.10/turn                (no ring)

@: mighty, hasted and slowed
A: high MP 1, forlorn, divine attributes
a: no special abilities


You were on level 2 of the Dungeon.
You visited 1 branch of the dungeon, and saw 2 of its levels.

You collected 117 gold pieces.

Inventory:

Hand Weapons
 a - a +0 long sword (weapon)
Missiles
 j - 8 boomerangs
Armour
 b - a +0 scale mail (worn)
 e - a +0 pair of gloves (worn)
   (You found it on level 2 of the Dungeon)
 k - a +3 buckler (worn)
Magical Staves
 f - a staff of air {rElec}
   (You found it on level 2 of the Dungeon)
Jewellery
 c - a ring of ice {rC+, rF-}
   (You found it on level 2 of the Dungeon)
Scrolls
 d - 2 scrolls of identify {@r1}
 g - a scroll of butterflies {unknown}
 i - a scroll of enchant weapon {unknown}
 Y - 2 scrolls of teleportation {@r3}
Potions
 H - a potion of haste
 M - a potion of might
 U - a potion of mutation {!q}


   Skills:
 - Level 2.6 Fighting
 + Level 4.9 Long Blades
 - Level 2.6 Armour
 - Level 2.6 Shields


You had 3 spell levels left.
You didn't know any spells.
Your spell library was empty.

Dungeon Overview and Level Annotations

Branches:
Dungeon (2/15) Zot: 9812

Annotations:
D:2 1 runed translucent door, Crazy Yiuf, Natasha


Innate Abilities, Weirdness & Mutations

You have an increased reservoir of magic. (+10% MP)
You shall have no god before yourself.
Your divine heritage dramatically boosts your attributes as you level up.


Message History

The endoplasm freezes you.
You are frozen.
You block the endoplasm's attack.
You take 4 damage, and have 29/37 hp.
You hit the endoplasm.
You kill the endoplasm!
No target in view!
No target in view!
You see here a quokka corpse.
Y - 2 scrolls of teleportation {@r3} (gained 1)
An endoplasm comes into view.
The endoplasm quivers.
Health restored: 37 A dart slug comes into view.
The dart slug closely misses you.
You hit the dart slug. You block the dart slug's attack.
You block the endoplasm's attack.
You hit the dart slug. The endoplasm hits you.
The dart slug launches a dart at you. The slug dart misses you.
You take 2 damage, and have 35/37 hp.
You hit the dart slug.
You kill the dart slug!
You block the endoplasm's attack.
You hit the endoplasm. The endoplasm closely misses you.
You barely miss the endoplasm. The endoplasm closely misses you.
The endoplasm freezes you.
You are frozen.
You take 3 damage, and have 33/37 hp.
You slash the endoplasm!
You kill the endoplasm!
No target in view!
No target in view!
There is an open door here.
Found an escape hatch in the floor.
Health restored: 37
There is an open door here.
There is an open door here.
Found a stone staircase leading down.
A frilled lizard comes into view.
The frilled lizard hisses angrily.
You see here 5 boomerangs.
You slash the frilled lizard!
You kill the frilled lizard!
No target in view!
No target in view!
j - 8 boomerangs (gained 5)
c - a ring of ice {rC+, rF-};
k - a +3 buckler (worn)
There is an escape hatch in the floor here.
There is an open door here.
There is an open door here.
An endoplasm comes into view.
The endoplasm freezes you.
You are frozen.
You take 2 damage, and have 35/37 hp.
You hit the endoplasm. The endoplasm freezes you.
You are frozen.
You take 5 damage, and have 30/37 hp.
You hit the endoplasm but do no damage. The endoplasm barely misses you.
You slash the endoplasm!
You kill the endoplasm!
No target in view!
No target in view!
h - 2 fuming black potions (gained 1)
There is an open door here.
There is an open door here.
Natasha, Servant of Life and Death comes into view.
She is carrying a wand of light (4).
Natasha hisses angrily.
Natasha moves out of view.
Health restored: 37 Natasha casts a spell at you.
You feel yourself slow down.
Natasha zaps a wand.
The bolt of light hits you!
You take 15 damage, and have 22/37 hp.
MASSIVE DAMAGE!!
Natasha completely misses you.
Natasha zaps a wand.
The bolt of light hits you!
* * * LOW HITPOINT WARNING * * *
You take 14 damage, and have 8/37 hp.
MASSIVE DAMAGE!!
It was a potion of haste.
You feel yourself speed up.
H - a potion of haste Natasha mumbles some strange words.
You hit Natasha. You block Natasha's attack.
The white imp laughs crazily.
Natasha mewls in sadness.
Natasha casts a spell at you. The magic dart hits you.
* * * LOW HITPOINT WARNING * * *
You take 6 damage, and have 3/37 hp.
You hit Natasha but do no damage. You block the white imp's attack.
Natasha stares at you and mumbles some strange words.
You feel as though you will be slow longer.
You feel very mighty all of a sudden. You block the white imp's attack.
Natasha claws you but does no damage.
You hit Natasha. The white imp gestures at you. The puff of frost hits you!
You die...

...#####.# #.########
.........# #.##......
...####### #.##.##### ..##
###.##.##### ..# #...........
..# ###### #..####.##### ..#
#....#####..## #.##8## ..#
#.#..........# #.'.... ..#
#.#.##@h.###.# #.##8## #.#
#.#.##.5##[#.# ####### #.#
#.#.#..##.##.# #.###
#...#....##..###### #
#.#.#######...##...#........#
#
..............###...†..####.#
# ....#########..###..##.#
#.# # ....#
#.......######.####.#####
...##
#.###..........#.........


You could see Natasha and a white imp (summoned).

Vanquished Creatures
  Natasha (twice) (D:2)
  3 gnolls
  2 adders (D:2)
  2 dart slugs (D:2)
  10 bats
  7 endoplasms
  4 giant cockroaches
  5 goblins (D:1)
  4 hobgoblins
  3 jackals (D:1)
  2 kobolds
  3 quokkas (D:2)
  2 ball pythons (D:1)
  3 frilled lizards
  3 rats (D:1)
55 creatures vanquished.

Notes
Turn   | Place    | Note
-------+----------+-------------------------------------------
     0 | D:1      | sokol815 the Demigod Fighter began the quest for the Orb.
     0 | D:1      | Reached XP level 1. HP: 18/18 MP: 3/3
    30 | D:1      | Reached skill level 2 in Long Blades
   183 | D:1      | Reached XP level 2. HP: 21/25 MP: 4/4
   530 | D:1      | Reached skill level 3 in Long Blades
   848 | D:1      | Reached XP level 3. HP: 16/30 MP: 5/5
  1023 | D:2      | HP: 7/30 [poisoned by an adder]
  1224 | D:2      | Reached skill level 4 in Long Blades
  1249 | D:1      | Reached XP level 4. HP: 32/37 MP: 6/6
  1321 | D:2      | Found a runed translucent door.
  1322 | D:2      | Noticed Crazy Yiuf
  1367 | D:2      | Noticed Natasha
  1374 | D:2      | Killed Natasha
  1485 | D:2      | Noticed Natasha
  1750 | D:2      | Killed Natasha
  2129 | D:2      | Noticed Natasha
  2132 | D:2      | HP: 8/37 [Natasha/bolt of light (14)]
  2134 | D:2      | HP: 3/37 [Natasha/magic dart (6)]
  2137 | D:2      | Killed from afar by a white imp

Illustrated notes

Levels and vault maps discovered:
D:1:      roderic_octagonal_star, layout_loops_cross, grunt_decor_fettered,
          nrook_mini_backslash, chequers_arboretum
D:2:      layout_loops_corners, basic_altar, dk_noncrumbling_2, minmay_cupped,
          uniq_natasha, uniq_crazy_yiuf_cottage

Skill      XL: |  1  2  3 |
---------------+----------+-----
Long Blades    | 2 3 4 |  4.9
Fighting       | |  2.6
Armour         | |  2.6
Shields        | |  2.6

Action                     |  1- 3 |  4- 6 || total
---------------------------+-------+-------++-------
  Melee: Long sword        |   107 |    53 ||   160
  Throw: Stone             |     9 |    11 ||    20
    Use: Potion            |     1 |     2 ||     3
         Scroll            |       |     5 ||     5
 Armour: Scale mail        |    71 |    18 ||    89
  Dodge: Dodged            |    57 |    17 ||    74
  Block: Buckler           |    17 |    17 ||    34

Table legend: (Time is in decaauts)
 A = Elapsed time spent in this place.
 B = Non-inter-level travel time spent in this place.
 C = Inter-level travel time spent in this place.
 D = Time resting spent in this place.
 E = Time spent auto-exploring this place.
 F = Levels seen in this place.
 G = Mean time per level.
                   A        B        C        D        E       F      G
               +--------+--------+--------+--------+--------+-----+--------+
         Total |   2186 |   2110 |     76 |    168 |   1509 |   2 | 1093.0 |
       Dungeon |   2186 |   2110 |     76 |    168 |   1509 |   2 | 1093.0 |
               +--------+--------+--------+--------+--------+-----+--------+

Top non-repeatable levels by time:
     D:1: 1130 daAuts
     D:2: 1056 daAuts

Table legend:
 A = Kills in this place as a percentage of kills in entire the game.
 B = Kills by you in this place as a percentage of kills by you in the entire game.
 C = Kills by friends in this place as a percentage of kills by friends in the entire game.
 D = Other kills in this place as a percentage of other kills in the entire game.
 E = Experience gained in this place as a percentage of experience gained in the entire game.
 F = Experience gained in this place divided by the number of levels of this place that you have seen.
                   A       B       C       D       E      F
               +-------+-------+-------+-------+-------+----------------------
         Total | 100.0 | 100.0 |   N/A |   N/A | 100.0 | 112.0
       Dungeon | 100.0 | 100.0 |   N/A |   N/A | 100.0 | 112.0
               +-------+-------+-------+-------+-------+----------------------
